 Dungeon Crawl Stone Soup version 0.28-a0-1429-gf3d713df7a (webtiles) character file.

Game seed: 13924098599086873413

72676 tatocazan the Severer (level 15, -9/217 HPs)
             Began as a White Draconian Berserker on Jan 8, 2022.
             Was a Priest of Trog.
             Killed from afar by a wretched star (17 damage)
             ... with a lance of force
             ... summoned by an orange crystal statue
             ... on level 2 of the Abyss.
             The game lasted 00:35:42 (35928 turns).

tatocazan the Severer (White Draconian Berserker)  Turns: 35928, Time: 00:35:42

Health: -9/217     AC: 13    Str: 28    XL:     15   Next: 1%
Magic:  0/15       EV: 17    Int: 15    God:    Trog [***...]
Gold:   1400       SH:  5    Dex: 13    Spells: 14/14 levels left

rFire   + . .      SeeInvis .   k - +7 hand axe of Ymaire {drain, Fly rPois Str+3}
rCold   + . .      Faith    .   (no shield)
rNeg    . . .      Spirit   .   (armour unavailable)
rPois   +          Reflect  +   (helmet restricted)
rElec   .          Harm     .   x - +0 cloak
rCorr   .          Rampage  .   d - +2 pair of gloves {infuse}
Will    +++..      Rage     3%  (no boots)
Stlth   ..........              g - amulet of reflection
HPRegen 1.00/turn               w - ring of protection from fire
MPRegen 0.14/turn               P - ring "Zoilets" {Int+6 Dex+2}

@: berserking (expiring), strong-willed, flying, regenerating, unable to read,
very quick
A: breathe frost, AC +9, unfitting armour, cold resistance 1, cold-blooded,
noise suppression, [berserk 2], [deterioration 2], [inhibited regeneration],
[inability to read while threatened]
a: Breathe Frost, Renounce Religion, Berserk, Trog's Hand


You were on level 2 of the Abyss.
You worshipped Trog.
Trog was most pleased with you.
You visited 3 branches of the dungeon, and saw 21 of its levels.
You visited the Abyss 1 time.
You also visited: Ossuary and Bailey.

You collected 1464 gold pieces.
You spent 64 gold pieces at shops.

Inventory:

Hand Weapons
 a - a +0 hand axe of flaming
 i - the +7 whip "Likkag" {spect, Dex+2}
   (You found it on level 4 of the Lair of Beasts)

   When its wielder attacks, the weapon's spirit leaps out and strikes again.
   The spirit shares a part of any damage it takes with its wielder.
   Dex:       It affects your dexterity (+2).
 k - the +7 hand axe of Ymaire (weapon) {drain, Fly rPois Str+3}
   (You found it on level 2 of the Dungeon)

   A truly terrible weapon, it drains the life of any living foe it strikes.
   Str:       It affects your strength (+3).
   rPois:     It protects you from poison.
   Fly:       It grants you flight.
 p - a +3 broad axe of freezing
 M - a +3 battleaxe of flaming
Armour
 d - a +2 pair of gloves of infusion (worn)
 x - a +0 cloak (worn)
Jewellery
 c - an amulet of magic regeneration
 g - an amulet of reflection (around neck)
 w - a ring of protection from fire (left hand)
 E - a ring of protection from fire
 G - a ring of flight
 L - an amulet of guardian spirit
 O - a ring of willpower
 P - the ring "Zoilets" (right hand) {Int+6 Dex+2}
   (You found it on level 4 of the Lair of Beasts)

   [ring of intelligence]

   Int:       It affects your intelligence (+6).
   Dex:       It affects your dexterity (+2).
Wands
 A - a wand of polymorph (7)
 B - a wand of iceblast (18)
 F - a wand of digging (14)
 H - a wand of flame (13)
 K - a wand of paralysis (7)
Scrolls
 f - 6 scrolls of identify
 q - 5 scrolls of teleportation
 s - 5 scrolls of enchant weapon
 t - a scroll of fog
 u - 4 scrolls of enchant armour
 y - 4 scrolls of brand weapon
 I - a scroll of magic mapping
 J - a scroll of summoning
 N - a scroll of silence
Potions
 b - 6 potions of flight
 e - 3 potions of magic
 h - 4 potions of degeneration {unknown}
 j - 3 potions of curing
 l - 3 potions of resistance
 m - a potion of attraction
 n - 6 potions of brilliance
 o - 5 potions of haste
 r - 4 potions of might
 v - 3 potions of mutation
 z - 2 potions of berserk rage
 C - 2 potions of invisibility
 D - 5 potions of cancellation {unknown}
 Q - 2 potions of ambrosia {unknown}


   Skills:
 * Level 16.7 Fighting
 * Level 16.9 Axes
 + Level 12.6 Dodging
 - Level 7.2 Evocations


You had 14 spell levels left.
You didn't know any spells.
Your spell library was empty.

Dungeon Overview and Level Annotations

Branches:
Dungeon (13/15)            Temple (0/1) D:5            Lair (6/6) D:8
 Shoals (0/4) Lair:2       Spider (0/4) Lair:4        Slime (0/5) Lair:5
    Orc (2/2) D:10            Elf (0/3) Orc:2       Ossuary (visited)
 Bailey (visited)
 Vaults: D:13-14

Altars:
Fedhas
Gozag
Nemelex Xobeh
Ru
Sif Muna
Trog
Zin
The Shining One
Beogh
Jiyva

Shops:
D:3 =   D:12 *   Orc:1 :

Annotations:
Lair:6 exclusion: obsidian statue
Orc:2 Donald, Erolcha, Saint Roka


Innate Abilities, Weirdness & Mutations

You can breathe waves of freezing cold which knock back foes.
Your icy white scales are hard. (AC +9)
You cannot fit into any form of body armour.
Your flesh is cold resistant. (rC+)
You are cold-blooded and may be slowed by cold attacks.
You passively dampen the noise of your surroundings.
[You often lose your temper in combat.]
[Your body often deteriorates upon taking damage.]
[You do not regenerate when monsters are visible.]
[You sometimes lose the ability to read scrolls when taking damage.]


Message History

You completely miss the tentacled starspawn.
Your polar bear bites the rakshasa but does no damage.
Your polar bear claws the rakshasa but does no damage. x2
You hit the tentacled starspawn. You tail-slap the tentacled starspawn.
The tentacled starspawn is lightly damaged.
Your polar bear barely misses the rakshasa.
Your polar bear claws the rakshasa.
Your polar bear barely misses the rakshasa.
You slash the tentacled starspawn! You tail-slap the tentacled starspawn!
The tentacled starspawn is heavily damaged.
You hit the wretched star.
You block the tentacled starspawn's attack.
The tentacled starspawn completely misses you.
The orange crystal statue fixes its piercing gaze on you.
You hit the tentacled starspawn.
Your tail-slap misses the tentacled starspawn.
The tentacled starspawn is heavily damaged.
You slash the wretched star!
Your polar bear bites the rakshasa!
Your polar bear claws the rakshasa but does no damage.
Your polar bear completely misses the rakshasa.
The wretched star pulses with an eldritch light!
You feel a little pissed off.
You feel angry.
Your polar bear twists and deforms.
You slice the tentacled starspawn!!
The tentacled starspawn is severely damaged.
You hit the wretched star but do no damage.
Tentacles burst from the starspawn's body!
The rakshasa hits your polar bear with a +0 long sword!! 2 starspawn tentacles come into view.
You slash the tentacled starspawn! You tail-slap the tentacled starspawn.
The tentacled starspawn is almost destroyed.
You slash the wretched star!
Your polar bear bites the rakshasa!
The injured rakshasa weaves a defensive illusion!
Your polar bear barely misses the rakshasa.
Your polar bear claws the rakshasa but does no damage.
The orange crystal statue fixes its piercing gaze on you.
The wretched star glows turbulently.
The lance of force hits you!
You feel threatened and lose the ability to read scrolls!
You die...

# # # # # #..
# # .# # #. .
# #... ### #
# # ###..##.
# .
.##..#####R .
.##..
#..#.#hR# #.
#..z#∩..84.w#
.. #ZZ#
.#.#wX## #
#.##. ##
##*@## #
#.##.. ##.©#
# ## # ####
##


You could see a tentacled starspawn (summoned), an orange crystal statue, a
wretched star (summoned), 2 rakshasas, an ice devil (summoned), 2 starspawn
tentacles and a friendly polar bear (summoned, berserk, misshapen).

Vanquished Creatures
  Nessos (D:12)
  Azrael (Orc:1)
  A dire elephant (Lair:6)
  Snorg (Lair:4)
  9 hydras
  2 catoblepae
  2 boulder beetles
  A centaur warrior (D:10)
  7 death yaks
  2 two-headed ogres
  A wretched star (Abyss:2)
  4 necromancers (Lair:6)
  A lindwurm (Lair:3)
  An orc knight (Bailey)
  2 ugly things
  3 cyclopes
  A manticore (D:12)
  9 elephants
  7 black mambas
  24 cane toads
  4 torpor snails
  2 unseen horrors
  2 dire elephant skeletons (Lair:6)
  A rime drake (Lair:6)
  A freezing wraith (D:12)
  7 komodo dragons
  4 trolls
  2 polar bears
  6 slime creatures (D:12)
  A snapping turtle (Lair:2)
  16 blink frogs
  4 dream sheep (Lair:4)
  A shadow (D:11)
  A dire elephant simulacrum (Lair:6)
  2 wyverns
  64 yaks
  A wraith (Ossuary)
  6 basilisks
  3 fire elementals (Orc:1)
  A steam dragon (D:7)
  9 vampire mosquitoes
  A death yak simulacrum (Lair:6)
  Edmund (D:4)
  A spectral cane toad (Lair:6)
  2 acid dragons
  3 wargs (Orc:1)
  Duvessa (D:5)
  14 water moccasins
  3 hell hounds
  4 sky beasts
  26 orc warriors
  4 black bears
  2 necrophages
  2 ice beasts
  2 ogres
  7 wolves
  An elephant zombie (Lair:6)
  An elephant skeleton (Lair:6)
  14 centaurs
  A phantom (D:6)
  A kobold brigand (D:6)
  2 scorpions
  2 cane toad simulacra (Lair:6)
  11 bullfrogs
  Dowan (D:5)
  3 elephant simulacra (Lair:6)
  5 killer bees (D:11)
  14 wights
  4 electric eels (Lair:2)
  3 centaur zombies
  2 lava snakes (Lair:2)
  2 jellies
  A bullfrog skeleton (D:5)
  14 orc priests
  2 human zombies (Ossuary)
  A gnoll shaman (D:4)
  A hound (D:5)
  7 iguanas
  17 orc wizards
  A hound skeleton (D:4)
  3 mummies (Ossuary)
  8 gnolls
  A howler monkey skeleton (D:4)
  7 adders
  2 white imps
  An ufetubus (D:5)
  An adder skeleton (D:4)
  5 worms
  2 dart slugs
  57 orcs
  11 ball pythons
  7 bats
  7 endoplasms
  2 giant cockroaches (D:3)
  9 hobgoblins
  2 jackals (D:5)
  4 quokkas
  6 frilled lizards
  7 goblins
  2 goblin zombies (Ossuary)
  8 kobolds
  3 kobold zombies (Ossuary)
  A quokka skeleton (D:3)
  4 rats
562 creatures vanquished.

Vanquished Creatures (collateral kills)
  A tentacled starspawn (Abyss:2)
  3 dire elephants (Lair:6)
  A spectral anaconda (Lair:6)
  A large abomination (Abyss:2)
  5 yaks (D:8)
  2 goblins (D:8)
13 creatures vanquished.

Vanquished Creatures (others)
  A lava snake (Lair:2)
  A bush (Lair:2)
  50 fungi
  A lurking horror (Abyss:2)
  97 plants
  2 starspawn tentacles (Abyss:2)
  26 withered plants (Lair:6)
178 creatures vanquished.

Grand Total: 753 creatures vanquished

Notes
Turn   | Place    | Note
-------+----------+-------------------------------------------
     0 | D:1      | tatocazan the Draconian Berserker began the quest for the
                  | Orb.
     0 | D:1      | Reached XP level 1. HP: 19/19 MP: 1/1
   308 | D:1      | Reached XP level 2. HP: 15/26 MP: 2/2
   716 | D:1      | Found a faded altar of an unknown god.
  1817 | D:2      | Reached XP level 3. HP: 33/33 MP: 0/3
  1858 | D:2      | Reached ** piety under Trog
  2072 | D:2      | Identified the +7 hand axe of Ymaire {drain, Fly rPois
                  | Str+3}
  2421 | D:3      | Found Rodotzyi's Jewellery Shoppe.
  2617 | D:3      | Reached XP level 4. HP: 40/40 MP: 1/4
  2763 | D:3      | Found a sacrificial altar of Ru.
  3133 | D:4      | Noticed a necrophage
  3139 | D:4      | Killed a necrophage
  3140 | D:4      | Reached XP level 5. HP: 44/47 MP: 3/5
  3177 | D:4      | Found a sand-covered staircase.
  3184 | Ossuary  | Entered an ossuary
  3184 | Ossuary  | Noticed a wraith
  3184 | Ossuary  | Noticed a wraith
  3184 | Ossuary  | Noticed a wraith
  3272 | Ossuary  | Reached skill level 5 in Fighting
  3272 | Ossuary  | Reached XP level 6. HP: 43/56 MP: 4/6
  3383 | Ossuary  | Reached *** piety under Trog
  3520 | Ossuary  | Noticed a wraith
  3531 | Ossuary  | Killed a wraith
  3532 | Ossuary  | Reached skill level 5 in Axes
  3847 | D:4      | Your scales start taking on an icy white colour.
  3847 | D:4      | Reached XP level 7. HP: 46/62 MP: 4/7
  3847 | D:4      | Gained mutation: Your flesh is cold resistant. (rC+) [White
                  | Draconian growth]
  4314 | D:4      | Noticed Edmund
  4328 | D:4      | Killed Edmund
  4329 | D:4      | Reached skill level 5 in Dodging
  4495 | D:5      | Entered Level 5 of the Dungeon
  4877 | D:5      | Reached XP level 8. HP: 66/71 MP: 6/8
  4910 | D:5      | Noticed Dowan
  4911 | D:5      | Noticed Duvessa
  4918 | D:5      | Killed Dowan
  4929 | D:5      | Killed Duvessa
  5541 | D:5      | Found a staircase to the Ecumenical Temple.
  5888 | D:5      | Reached **** piety under Trog
  6076 | D:6      | Reached XP level 9. HP: 70/81 MP: 7/9
  6968 | D:7      | Found an opulent altar of Gozag.
  6968 | D:7      | Found a glowing silver altar of Zin.
  7771 | D:7      | Found a glowing golden altar of the Shining One.
  7928 | D:8      | Found a flagged portal.
  7937 | Bailey   | Entered a bailey
  8972 | Bailey   | Reached XP level 10. HP: 42/92 MP: 6/10
  9369 | Bailey   | Noticed an orc knight
  9385 | Bailey   | Reached skill level 10 in Fighting
  9386 | Bailey   | Gained mutation: You are clumsy. (Dex -2) [potion of
                  | mutation]
  9386 | Bailey   | Gained mutation: You possess an exceptional clarity of
                  | mind. [potion of mutation]
  9391 | Bailey   | Killed an orc knight
  9834 | D:8      | Found a blossoming altar of Fedhas.
 10005 | D:8      | Noticed an elephant
 10020 | D:8      | Killed an elephant
 10059 | D:8      | Reached skill level 10 in Axes
 10631 | D:8      | Found a sparkling altar of Nemelex Xobeh.
 10713 | D:8      | Found a staircase to the Lair.
 11201 | D:8      | Found a bloodstained altar of Trog.
 11246 | D:9      | Reached XP level 11. HP: 77/97 MP: 3/11
 12229 | D:10     | Entered Level 10 of the Dungeon
 12252 | D:10     | Reached ***** piety under Trog
 12371 | D:10     | Noticed a red ugly thing
 12382 | D:10     | Killed a red ugly thing
 12383 | D:10     | Reached skill level 10 in Dodging
 12892 | D:10     | Found a staircase to the Orcish Mines.
 12899 | D:10     | Noticed a centaur warrior
 12905 | Orc:1    | Entered Level 1 of the Orcish Mines
 13442 | D:10     | Killed a centaur warrior
 13638 | D:10     | Noticed a two-headed ogre
 13645 | D:10     | Killed a two-headed ogre
 14037 | D:10     | Lost mutation: You are clumsy. (Dex -2) [potion of
                  | mutation]
 14037 | D:10     | Lost mutation: You possess an exceptional clarity of mind.
                  | [potion of mutation]
 14037 | D:10     | Gained mutation: You are covered in fur. (AC +1) [potion of
                  | mutation]
 14037 | D:10     | Gained mutation: You are strong-willed. (Will+) [potion of
                  | mutation]
 14037 | D:10     | Gained mutation: Your magical capacity is low. (-10% MP)
                  | [potion of mutation]
 14038 | D:10     | Lost mutation: Your magical capacity is low. (-10% MP)
                  | [potion of mutation]
 14038 | D:10     | Lost mutation: You are covered in fur. (AC +1) [potion of
                  | mutation]
 14038 | D:10     | Lost mutation: You are strong-willed. (Will+) [potion of
                  | mutation]
 14038 | D:10     | Gained mutation: You passively dampen the noise of your
                  | surroundings. [potion of mutation]
 15439 | D:11     | Noticed a two-headed ogre
 15446 | D:11     | Killed a two-headed ogre
 15495 | D:11     | Identified the +2 mace "Bujanta" {pain, rPois Int+3}
 15740 | D:11     | Reached XP level 12. HP: 104/113 MP: 7/12
 16190 | D:11     | Found the +2 ratskin cloak {*Rats rPois rN+ Str-1 Int-1
                  | Dex+1}
 16419 | D:12     | Noticed Nessos
 17063 | D:12     | Killed Nessos
 17666 | D:12     | Found Tiumy's Assorted Antiques.
 17724 | D:12     | Bought a scroll labelled PIX QUOFUOHEAW for 32 gold pieces
 17724 | D:12     | Bought a scroll labelled PIX QUOFUOHEAW for 32 gold pieces
 18561 | Lair:1   | Entered Level 1 of the Lair of Beasts
 19439 | Lair:1   | Noticed a four-headed hydra
 19450 | Lair:1   | Killed a one-headed hydra
 19734 | Lair:1   | Identified the +0 plate armour "Xytriamuh" {rElec}
 20134 | Lair:2   | Noticed a seven-headed hydra
 20146 | Lair:2   | Killed a four-headed hydra
 20155 | Lair:2   | Reached XP level 13. HP: 47/125 MP: 0/13
 20482 | Lair:2   | Found a staircase to the Shoals.
 23466 | Lair:2   | Received a gift from Trog
 23731 | Lair:3   | Reached skill level 1 in Evocations
 23736 | Lair:3   | HP: 6/125 [lindwurm (11)]
 23768 | Lair:3   | HP: 3/125 [yak (11)]
 24206 | Lair:3   | Reached skill level 15 in Fighting
 24809 | Lair:3   | Found a shimmering blue altar of Sif Muna.
 25400 | Lair:4   | Noticed Snorg
 25720 | Lair:4   | Killed Snorg
 26336 | Lair:4   | Identified the ring "Zoilets" {Int+6 Dex+2}
 26523 | Lair:4   | Found a hole to the Spider Nest.
 26722 | Lair:4   | Identified the +7 whip "Likkag" {spect, Dex+2}
 26928 | Lair:5   | Found a runed translucent door.
 27584 | Lair:5   | Reached skill level 15 in Axes
 27643 | Lair:5   | Reached XP level 14. HP: 83/135 MP: 6/14
 28715 | Lair:5   | Found a staircase to the Slime Pits.
 28715 | Lair:5   | Found a viscous altar of Jiyva.
 29005 | Lair:5   | Reached skill level 5 in Evocations
 29404 | Lair:6   | Entered Level 6 of the Lair of Beasts
 30583 | Lair:6   | Received a gift from Trog
 31892 | Lair:6   | Identified the ring "Fyifoc" {+Blink rElec rF+ Will- Str-4}
 34402 | Orc:1    | Found Ticy's Book Boutique.
 34857 | Orc:2    | Entered Level 2 of the Orcish Mines
 34857 | Orc:2    | Found a staircase to the Elven Halls.
 34860 | Orc:2    | Noticed Donald
 34873 | Orc:2    | Noticed Saint Roka
 35051 | Orc:2    | Noticed Azrael
 35423 | Orc:1    | Killed Azrael
 35672 | Orc:2    | Reached XP level 15. HP: 135/145 MP: 6/15
 35683 | Orc:2    | Noticed Erolcha
 35698 | Orc:2    | Cast into level 2 of the Abyss (Erolcha)
 35773 | Abyss:2  | Found a transporter.
 35884 | Abyss:2  | Noticed a revenant
 35898 | Abyss:2  | Noticed a tentacled starspawn
 35903 | Abyss:2  | Killed a tentacled starspawn
 35908 | Abyss:2  | Noticed a tentacled starspawn
 35911 | Abyss:2  | HP: 8/217 [starcursed mass[an orange crystal statue] (9)]
 35916 | Abyss:2  | HP: 3/217 [starcursed mass/accursed screaming[an orange
                  | crystal statue] (7)]
 35928 | Abyss:2  | Killed from afar by a wretched star

Illustrated notes

Levels and vault maps discovered:
D:1:      noname_arrival_rooms_in_the_neighbourhood, layout_loops_ring,
          dreamdust_ecumenical_altar_angels_and_demons, minmay_three_crescents
D:2:      layout_loops_corners
D:3:      minmay_bubble_buster, layout_rooms,
          mainiacjoe_overflow_small_starburst, serial_shops, shop,
          kennysheep_cluttered_room, kennysheep_crisscross, corexii_corridor_pit
D:4:      layout_loops_ring, chequers_ossuary_entry_cave, minmay_starry_boxes,
          uniq_edmund
D:5:      layout_loops_ring, minmay_temple_entry_gardened_gates, uniq_duvessa
D:6:      layout_basic, hangedman_decor_growths
D:7:      layout_basic, mainiacjoe_overflow_alcove_2,
          grunt_temple_overflow_gold_and_silver,
          amcnicky_mini_rare_corridor_liquid
D:8:      layout_basic, kennysheep_mini, mainiacjoe_overflow_brackets,
          nemelex_spade_bored_becter, david_lair_generic, enter_bailey_3
D:9:      layout_roguey
D:10:     layout_grid_maze, orc_0_dummy, chequers_serial_rivers_large_a
D:11:     layout_roguey
D:12:     layout_loops_cross, serial_shops, shop, uniq_nessos
D:13:     layout_basic, david_vaults_3, drop_trap, lightli_elemental_guards
Lair:1:   layout_regular_city, lemuel_fruit_tree
Lair:2:   layout_cave_pods, minmay_shoals_entry_hut, nicolae_lair_liquid_snakes
Lair:3:   nzn_winding_woodlands_small
          [nzn_winding_woodlands_5x15_pathside_ponds,
          nzn_winding_woodlands_center_garden,
          nzn_winding_woodlands_5x15_garden], layout_chaotic_city, basic_altar,
          beast_lair_carwin_7
Lair:4:   layout_misc_corridors, dummy_spider_entry,
          hangedman_lair_unloving_vines, uniq_snorg
Lair:5:   statuecave_lemuel, layout_cave_pods, slime_altar_1, pf_torpor_hydra
Lair:6:   due_jungle_book, layout_cave_pods
Orc:1:    layout_diamond_mine, serial_shops, shop
Orc:2:    st_orc_open, layout_caves, basic_altar, serial_shops, shop_fountains,
          uniq_donald, uniq_saint_roka, uniq_azrael, uniq_erolcha
Abyss:2:  base: D:13, gammafunk_abyss_exit_x_factor,
          gammafunk_abyss_exit_x_factor

Skill      XL: |  1  2  3  4  5  6  7  8  9 10 11 12 13 14 |
---------------+-------------------------------------------+-----
Dodging        | 3 4 5 6 8 9 10 12 | 12.6
Fighting       | 4 5 6 8 9 11 12 14 15 16 | 16.7
Axes           | 4 5 6 7 8 10 11 13 15 16 | 16.9
Evocations     | 4 7 |  7.2

Action                   |  1- 3 |  4- 6 |  7- 9 | 10-12 | 13-15 || total
-------------------------+-------+-------+-------+-------+-------++-------
Melee: Hand axe          |    99 |    88 |   264 |   506 |   846 ||  1803
       Tailslap          |    12 |     7 |    29 |    92 |   202 ||   342
       Punch             |     1 |       |     5 |    13 |    10 ||    29
       Whip              |       |       |       |       |    47 ||    47
Invok: Berserk           |       |       |     1 |     1 |     4 ||     6
       Brothers in Arms  |       |       |       |     2 |     6 ||     8
       Trog's Hand       |       |       |       |       |     1 ||     1
 Abil: Breathe Frost     |       |       |     3 |     2 |       ||     5
Evoke: Wand              |       |       |       |     3 |       ||     3
  Use: Scroll            |     1 |     7 |     4 |    12 |     3 ||    27
       Potion            |       |       |       |     7 |     2 ||     9
 Stab: Sleeping          |       |       |       |     1 |       ||     1
       Distracted        |       |       |       |       |     1 ||     1
Armor: Skin              |    39 |    18 |    81 |   153 |   210 ||   501
Dodge: Dodged            |    64 |    52 |   186 |   344 |   510 ||  1156
Block: Other             |       |       |    12 |   110 |   150 ||   272
       Reflection        |       |       |     5 |     9 |     1 ||    15

Table legend: (Time is in decaauts)
 A = Elapsed time spent in this place.
 B = Non-inter-level travel time spent in this place.
 C = Inter-level travel time spent in this place.
 D = Time resting spent in this place.
 E = Time spent auto-exploring this place.
 F = Levels seen in this place.
 G = Mean time per level.
                   A        B        C        D        E       F      G
               +--------+--------+--------+--------+--------+-----+--------+
         Total |  35506 |  34789 |    717 |  12387 |  18689 |  24 | 1479.4 |
       Dungeon |  15672 |  15299 |    373 |   3598 |  10003 |  13 | 1205.5 |
          Lair |  15452 |  15181 |    271 |   6383 |   7457 |   6 | 2575.3 |
  Orcish Mines |   1830 |   1758 |     72 |   1156 |    399 |   2 |  915.0 |
         Abyss |    217 |    217 |      0 |      0 |      0 |   1 |  217.0 |
       Ossuary |    520 |    520 |      0 |      0 |    416 |   1 |  520.0 |
        Bailey |   1813 |   1813 |      0 |   1248 |    413 |   1 | 1813.0 |
               +--------+--------+--------+--------+--------+-----+--------+

Top non-repeatable levels by time:
  Lair:6: 4375 daAuts
  Lair:2: 3383 daAuts
  Lair:4: 2183 daAuts
    D:12: 2083 daAuts
  Lair:3: 2057 daAuts
    D:10: 2020 daAuts
  Lair:5: 1908 daAuts
  Bailey: 1813 daAuts
   Orc:1: 1760 daAuts
    D:11: 1580 daAuts
  Lair:1: 1542 daAuts
     D:8: 1535 daAuts
     D:5: 1487 daAuts
     D:1: 1226 daAuts
     D:2: 1183 daAuts
